AoeStats
← GA | Oink

Oasis

509716319Analyzed
2v2 RM · 4d ago on Sep 27, 2026· 31m 34s· 4 players
Game mode
Random Map
Map size
Medium (4 player)
Population
200
Speed
Normal
Resources
Standard
Victory
Conquest
Starting age
Dark Age
Ending age
Imperial Age
RankedLock teamsTeams togetherTeam positionsShared explorationLock speedFull tech treeHidden civsTurbo modeCheats
Victory
Defeat
🇨🇱 Celts · Chile
993
+16
🇫🇷 Koreans · France
985
+16
🇩🇪 Khmer · Germany
990
-16
🇩🇪 Ethiopians · Germany
989
-16
Akayo
9:35 Loom
11:46 Feudal Age
12:14 Double-Bit Axe
19:32 Castle Age
17:27 Horse Collar
19:03 Fletching
21:56 Bow Saw
23:10 Heavy Plow
23:32 Gold Mining
23:11 Elite Skirmisher
24:54 Wheelbarrow
27:04 Ballistics
28:40 Town Watch
29:11 Hand Cart
29:33 Man-at-Arms
30:14 Squires
30:01 Arson
33:18 Imperial Age
31:18 Scale Mail Armor
31:13 Bodkin Arrow
30:59 Long Swordsman
KaneGB
2:26 Loom
10:14 Feudal Age
20:15 Castle Age
19:31 Double-Bit Axe
19:30 Horse Collar
20:23 Gold Mining
20:27 Stone Mining
21:04 Forging
26:18 Bow Saw
26:02 Light Cavalry
26:53 Scale Mail Armor
29:54 Fortified Wall
31:39 Ballistics
GA | Meow
10:39 Feudal Age
13:16 Double-Bit Axe
13:25 Horse Collar
16:42 Castle Age
17:32 Light Cavalry
18:23 Bloodlines
18:31 Forging
21:13 Loom
24:43 Bow Saw
25:50 Wheelbarrow
26:38 Scale Barding Armor
26:48 Stone Mining
28:06 Iron Casting
28:47 Gold Mining
29:39 Chain Barding Armor
30:35 Husbandry
GA | Oink
11:12 Feudal Age
11:37 Double-Bit Axe
11:34 Horse Collar
15:02 Fletching
18:49 Gold Mining
22:06 Castle Age
21:24 Padded Archer Armor
23:02 Bodkin Arrow
23:23 Leather Archer Armor
22:30 Crossbowman
23:17 Thumb Ring
24:27 Bow Saw
24:30 Heavy Plow
29:40 Ballistics
34:14 Imperial Age
Connection lost

Rejoining the realm…

Still unreachable

The connection could not be restored.

Session expired

The server has moved on; the page needs a fresh start.